Map: [TLMC19] Silverflame

Players

LiquidCure (Cure) - Winner!

  • Race: Terran Terran
  • Spawn Location: 11:00

Wayne (Vanya)

  • Race: Zerg Zerg
  • Spawn Location: 5:00

VOD

Have the link to the VOD?

Description

Time

  • Played on: Dec. 21, 2023, 7:04 a.m.
  • Length: 4:56
Show
View Real Time Build Order
Export as new Build Order

LiquidCure Terran - Winner!

Build Orders: Cyclone Opening, Gas First Reaper Expand 

Get SALT Encoding   

  12  0:00  SCV  
  13  0:12  SCV  
  14  0:21  Supply Depot  
  14  0:24  SCV  
  14  0:27  Refinery  
  15  0:42  SCV  
  16  0:44  Barracks  
  16  0:54  SCV  
  17  1:06  SCV  
  18  1:18  SCV  
  19  1:31  Orbital Command, Reaper  
  20  1:43  Command Center  
  20  1:57  SCV  
  20  2:00  Factory  
  21  2:05  Barracks Reactor  
  21  2:09  SCV  
  21  2:12  Supply Depot  
  22  2:22  SCV  
  23  2:34  SCV  
  24  2:46  SCV  
  24  2:48  Command Center  
  25  2:53  Cyclone  
  25  2:54  Cyclone  
  29  3:00  Orbital Command  
  29  3:03  SCV  
  31  3:15  SCV, Refinery  
  32  3:26  SCV  
  32  3:28  SCV  
  32  3:29  Cyclone  
  32  3:31  Cyclone  
  32  3:33  Marine  
  37  3:38  SCV, Refinery  
  37  3:40  SCV  
  39  3:50  SCV  
  39  3:52  SCV  
  41  4:00  Barracks Tech Lab  
  41  4:01  Orbital Command, Hellion  
  43  4:03  SCV, Hellion  
  43  4:04  SCV  
  47  4:15  SCV  
  48  4:18  SCV  
  48  4:19  Marine  
  48  4:21  Barracks x2  
  50  4:27  SCV  
  55  4:36  SCV x2  
Show
View Real Time Build Order
Export as new Build Order

Wayne Zerg 

Build Orders: Hatch First 

Get SALT Encoding   

  12  0:00  Drone  
  13  0:13  Overlord  
  13  0:17  Drone  
  14  0:31  Drone x2  
  16  0:49  Hatchery  
  15  0:51  Drone  
  15  0:55  Drone  
  17  1:10  Spawning Pool  
  16  1:13  Drone  
  17  1:33  Hatchery  
  17  1:37  Drone  
  17  1:40  Drone  
  18  2:01  Queen x2  
  24  2:11  Drone x2  
  24  2:14  Drone  
  25  2:19  Overlord  
  26  2:22  Drone  
  26  2:27  Drone, Extractor  
  26  2:31  Spore Crawler  
  26  2:34  Drone  
  26  2:36  Spore Crawler  
  26  2:43  Queen  
  30  2:48  Queen  
  32  2:53  Drone x2  
  32  2:54  Extractor  
  32  2:57  Drone x2  
  35  3:04  Spore Crawler  
  34  3:10  Overlord  
  34  3:19  Drone  
  35  3:21  Drone x2  
  37  3:27  Drone x5  
  37  3:31  Roach Warren  
  41  3:41  Drone x3, Evolution Chamber  
  44  3:47  Overlord  
  43  3:50  Overlord  
  43  3:54  Overlord  
  43  3:59  Overlord  
  43  4:05  Overlord x2  
  43  4:09  Extractor  
  42  4:11  Drone  
  42  4:12  Drone  
  42  4:15  Drone  
  45  4:20  Roach  
  49  4:24  Zergling x2, Roach  
  49  4:25  Zergling x6  
Tags
 
Add a new tag
Caveats
  • Supply blocks, unpowered buildings, or Contaminate may cause inaccurate times.
  • Supply counts are checked every 10 seconds.